[Event "Italian-ch Semifinal 2022"]
[Site "Acqui Terme"]
[Date "2022.06.15"]
[Round "5.9"]
[White "Floris, Federico"]
[Black "Cocchi, Andrea"]
[Result "1-0"]
[ECO "B81"]
[WhiteElo "1950"]
[BlackElo "2205"]
[Annotator "TA"]
[PlyCount "69"]
[EventDate "2022.06.15"]
[EventType "swiss"]
[EventCountry "ITA"]
[SourceTitle "playchess.com"]
[Source "ChessBase"]
[SourceQuality "1"]
[TimeControl "40/5400+30:1800+30"]

1. e4 c5 2. Nf3 d6 3. d4 Nf6 4. Nc3 cxd4 5. Nxd4 e6 6. g4 a6 7. g5 Nfd7 8. Be3 b5 9. a3 Bb7 10. Qd2 Nb6 {[%emt 0:18:22] B81: Sicilian Scheveningen: Keres Attack.} 11. O-O-O N8d7 12. f4 Rc8 {[%emt 0:05:31] White is slightly better.} 13. f5 e5 14. Nf3 {[%emt 0:00:53] [#]} Nc4 $146 (14... h6 $14) ({Predecessor:} 14... Rxc3 15. Qxc3 Bxe4 16. Bxb6 Nxb6 17. Rg1 Be7 18. h4 Na4 19. Qe3 Qa8 20. Bg2 O-O {1-0 (33) Janko,Z (2215)-Turna,S (2230) Slovakia 2006}) 15. Bxc4 $16 Rxc4 16. Qd3 Be7 17. h4 Nc5 18. Bxc5 Rxc5 19. Rhg1 Qc7 20. h5 Kd8 (20... h6 $16 {is a better defense.}) 21. g6 ({White should play} 21. h6 $18 g6 22. f6) 21... hxg6 22. hxg6 f6 23. Rh1 $36 {[%emt 0:01:09][%mdl 2048] Keeping Black busy.} Rg8 24. Rh4 {[%emt 0:03:36] White is much more active.} Kc8 25. Nd2 d5 (25... Kb8 $16 {was worth a try.}) 26. exd5 $18 ({Don't take} 26. Nxd5 $6 Bxd5 27. exd5 Rd8 $16) 26... Rxc3 27. bxc3 Bxa3+ 28. Kb1 Rd8 29. c4 Qa5 (29... Be7 $142 30. Rh7 (30. cxb5 Bxd5 31. Qe2 Qc3 $16) 30... Bb4) 30. Nb3 Qb6 (30... Qa4 $142 31. Rdh1 Bf8) 31. cxb5 (31. c5 $142 Qc7 32. d6) 31... axb5 32. Qc3+ Kb8 33. Qa5 Qxa5 34. Nxa5 Bxd5 $2 {[%emt 0:00:04] [#]} (34... Rxd5 35. Rh8+ Kc7) 35. Nc6+ {[%emt 0:00:32] Weighted Error Value: White=0.25 (precise) /Black=0.35} 1-0

[Event "Italian-ch Semifinal 2022"]
[Site "Acqui Terme"]
[Date "2022.06.15"]
[Round "5.10"]
[White "Hercegovac, Neven"]
[Black "Duraccio, Walter Mattia"]
[Result "1-0"]
[ECO "B15"]
[WhiteElo "2155"]
[BlackElo "1963"]
[Annotator "TA"]
[PlyCount "53"]
[EventDate "2022.06.15"]
[EventType "swiss"]
[EventCountry "ITA"]
[SourceTitle "playchess.com"]
[Source "ChessBase"]
[SourceQuality "1"]
[TimeControl "40/5400+30:1800+30"]

1. e4 c6 2. d4 d5 3. Nc3 dxe4 4. Nxe4 Nf6 5. Ng3 h5 6. h3 {[%emt 0:00:05] B15: Caro-Kann: 3 Nc3: 3...g6 and 3...dxe4 4 Nxe4 Nf6 5 Nxf6+ exf6.} c5 7. Nf3 h4 8. Ne2 {[%emt 0:00:11] White is slightly better.} Nc6 9. c3 {[%emt 0:00:08] [#]} g6 $146 ({Predecessor:} 9... cxd4 10. Nexd4 Bd7 11. Be2 e5 12. Nxc6 Bxc6 13. O-O Qxd1 14. Rxd1 Nd7 15. Be3 f6 {1-0 (39) Bellahcene,B (2508)-Hakobyan,A (2602) Chess.com INT 2022}) 10. Bg5 ({Of course not} 10. dxc5 Qxd1+ 11. Kxd1 Ne4 $11) 10... cxd4 11. Nexd4 Qb6 12. Qb3 (12. Nxc6 $16 Qxc6 13. Bd3) 12... Nxd4 $14 13. Nxd4 {[%emt 0:00:58][%cal Bf3d4,Bd4b5,Bb5c7,Bc7d5,Bd5b6][%mdl 32] Threatens to win with Bb5+.} Qxb3 14. axb3 Bd7 15. Be2 Ne4 16. Be3 Bg7 (16... a6 $14 {is more appropriate.}) 17. Nb5 $16 {[%emt 0:06:12] Hoping for Nc7+.} O-O 18. Nc7 Rac8 19. Nd5 Rfe8 20. Rxa7 {[%emt 0:01:22][%cal Ba1a7,Ba7a3,Ba3a8][%mdl 32] And now Nb6 would win.} Bc6 21. Nb6 {[%emt 0:07:04] White is more active.} Rcd8 {[%emt 0:00:09][%cal Oe4c3] White must now prevent ...Nxc3!} 22. O-O Nd2 {[%emt 0:07:50] [#]} 23. Rd1 Nxb3 (23... Ne4 {might work better.} 24. Rxd8 Rxd8) 24. Ra3 $18 Rxd1+ 25. Bxd1 Nd2 26. Bxd2 Rd8 {[%emt 0:00:05] [#]} 27. Ra8 $1 {[%emt 0:00:05] Weighted Error Value: White=0.08 (flawless) /Black=0.29 (precise)} 1-0